 Dungeon Crawl Stone Soup version 0.23.2-40-g277498a001 (webtiles) character file.

Game seed: 6597907048862725319

47684 Madoushi the Severer (level 14, -5/134 (135) HPs)
             Began as a Minotaur Berserker on Sept 30, 2019.
             Was the Champion of Trog.
             Killed from afar by Frances (28 damage)
             ... with a shard of ice
             ... on level 12 of the Dungeon on Oct 9, 2019.
             The game lasted 01:03:22 (17698 turns).

Madoushi the Severer (Minotaur Berserker)          Turns: 17698, Time: 01:03:23

HP:   -5/134 (135)  AC: 14    Str: 27    XL:     14   Next: 9%
MP:   14/14         EV: 15    Int:  8    God:    Trog [******]
Gold: 907           SH:  0    Dex:  9    Spells: 13/13 levels left

rFire    x . .     SeeInvis .   X - +3 war axe (vamp)
rCold    + . .     Gourm    .   (no shield)
rNeg     + . .     Faith    .   F - +2 ring mail {rPois}
rPois    +         Spirit   .   V - +2 hat {MR+}
rElec    .         Reflect  .   i - scarf {cloud immunity}
rCorr    .         Harm     .   b - +1 pair of gloves "Qoappo" {rN+ Int+3}
MR       ++...                  (no boots)
Stlth    +.........             (no amulet)
HPRegen  0.32/turn              v - ring of flight
MPRegen  0.14/turn              x - ring of ice

@: about to teleport, berserk cooldown, slowed, lightly drained, very slow
A: retaliatory headbutt, horns 2
a: Berserk, Trog's Hand, Brothers in Arms, Renounce Religion, Evoke Flight


You were on level 12 of the Dungeon.
You worshipped Trog.
Trog was exalted by your worship.
You were hungry.

You visited 2 branches of the dungeon, and saw 19 of its levels.
You also visited: Sewer.

You collected 1152 gold pieces.
You spent 245 gold pieces at shops.

Inventory:

Hand Weapons
 D - a +0 hand axe of venom
 N - a +4 executioner's axe of freezing
 X - a +3 vampiric war axe (weapon)
Missiles
 k - 394 arrows
Armour
 b - the +1 pair of gloves "Qoappo" (worn) {rN+ Int+3}
   (You found it on level 11 of the Dungeon)

   It affects your intelligence (+3).
   It protects you from negative energy.
 g - a +0 plate armour of magic resistance
 i - a scarf of cloud immunity (worn)
 F - a +2 ring mail of poison resistance (worn)
 V - a +2 hat of magic resistance (worn)
Jewellery
 m - an uncursed ring of wizardry {unknown}
 s - an uncursed ring of positive energy {unknown}
 v - a ring of flight (left hand)
 x - a ring of ice (right hand)
 P - a cursed ring of stealth {unknown}
Wands
 a - a wand of acid (6)
 h - a wand of paralysis (5)
 j - a wand of flame (12)
 l - a wand of disintegration (13)
 B - a wand of polymorph (28)
 R - a wand of enslavement (4)
 Y - a wand of iceblast (7)
Scrolls
 d - 7 scrolls of teleportation
 e - a scroll of enchant armour
 n - 2 scrolls of amnesia {unknown}
 p - 2 scrolls of immolation {unknown}
 q - 3 scrolls of blinking
 t - 3 scrolls of fear {unknown}
 y - 2 scrolls of summoning {unknown}
 G - a scroll of enchant weapon
 I - 2 scrolls of noise {unknown}
 K - 3 scrolls of fog
 O - a scroll of identify
 U - 3 scrolls of magic mapping {unknown}
 W - 6 scrolls of remove curse
 Z - a scroll of random uselessness {unknown}
Potions
 o - 4 potions of cancellation
 u - 3 potions of haste {unknown}
 w - 3 potions of magic
 z - 2 potions of ambrosia {unknown}
 A - 5 potions of flight
 C - a potion of invisibility {unknown}
 E - 4 potions of heal wounds
 H - a potion of mutation {unknown}
 L - 2 potions of might {unknown}
 M - 6 potions of curing
 Q - a potion of agility {unknown}
 S - 4 potions of degeneration {unknown}
 T - 2 potions of berserk rage {unknown}
Comestibles
 c - 26 rations


   Skills:
 + Level 15.1(14.8) Fighting
 + Level 17.8(17.6) Axes
 + Level 12.3(12.1) Armour
 + Level 10.3(10.1) Dodging
 + Level 3.2(3.0) Stealth
 + Level 1.5(1.4) Evocations


You had 13 spell levels left.
You didn't know any spells.
Your spell library was empty.

Dungeon Overview and Level Annotations

Branches:
Dungeon (13/15)            Temple (0/1) D:6            Lair (6/6) D:11
  Swamp (0/4) Lair:2       Spider (0/4) Lair:2          Orc (0/2) D:11
  Slime: Lair:5-6    Vaults: D:13-14

Altars:
Ashenzari
Hepliaklqana
Okawaru
Qazlal

Shops:
D:7 (

Annotations:
D:10 exclusion: ice statue
D:12 Frances


Innate Abilities, Weirdness & Mutations

You reflexively headbutt those who attack you in melee.
You have a pair of horns on your head.


Message History

Frances seems to speed up.
You're still recovering from your berserk rage.
Unknown command.
Your cyclops goes berserk!
You are feeling hungry.
Frances hits you with a +0 flail! The sun demon hits you!
You are engulfed in flames!!
The fire burns you terribly! The soul eater completely misses you.
The red devil hits you from afar with a +0 trident!
The sun demon hits you!!
You are engulfed in flames!!
The fire burns you terribly!
* * * LOW HITPOINT WARNING * * *
The soul eater closely misses you. Frances closely misses you.
As you read the scroll of teleportation, it crumbles to dust.
You feel strangely unstable.
The red devil hits you from afar with a +0 trident!
* * * LOW HITPOINT WARNING * * *
Frances whispers indecipherable words.
The shard of ice hits you!! You partially resist.
You die...

................#...###..###.##
##........)..####.......#....#
........[.....####.####....###
...............###.# #..).######
..............<....# #...)##....
............>......####.)..#.....
............<........####.#......
................3.....)##.#......
................@.C..#...........
##............))@3...####.#......
##.##...##....>.4...####.#......
#.##..####..........<..........
#.##..###..........####.##.....
#.....##...........# #.###....
###.##..#..#.........# #.# #####
......#....#.........# #)#
.....................# #.#


You could see Frances, a soul eater, a sun demon, a red devil and a friendly
cyclops (berserk).

Vanquished Creatures
  Gastronok (D:9)
  Snorg (D:10)
  A hydra (Lair:4)
  Erica (D:10)
  9 death yaks
  Sonja (D:11)
  3 skeletal warriors (D:12)
  An unseen horror (D:12)
  A deep elf mage (D:12)
  2 ugly things (D:12)
  A cyclops (D:11)
  3 elephants (Lair:5)
  Joseph (D:7)
  A centaur zombie (D:12)
  A gargoyle (D:10)
  3 black mambas
  2 rime drakes
  9 spiny frogs
  8 komodo dragons
  2 trolls (D:12)
  4 polar bears (Lair:6)
  2 bog bodies (Lair:2)
  8 dream sheep (Lair:6)
  5 hornets (Lair:6)
  10 hippogriffs
  3 redbacks (Lair:2)
  22 yaks
  A shadow (D:11)
  2 wyverns (D:12)
  3 hogs (D:7)
  12 spriggans (Lair:6)
  A human (D:7)
  A wraith (D:12)
  Eustachio (D:5)
  2 vampire mosquitoes (D:12)
  3 basilisks
  Menkaure (D:6)
  A soldier ant (D:11)
  An acid dragon (D:12)
  Duvessa (D:7)
  12 porcupines
  6 water moccasins
  6 black bears
  2 orc warriors
  6 ice beasts
  A necrophage (D:9)
  4 boggarts (Lair:6)
  A phantom (D:9)
  30 wolves
  5 ogres
  7 centaurs
  13 crocodiles
  2 big kobolds (Sewer)
  17 bullfrogs
  A wyvern skeleton (D:12)
  Dowan (D:7)
  4 scorpions
  8 killer bees
  4 wights (D:9)
  2 howler monkeys
  6 crimson imps
  2 bullfrog zombies (D:12)
  5 hounds
  4 jellies
  4 bullfrog skeletons
  2 centaur skeletons (D:12)
  5 orc priests
  9 orc wizards
  13 worker ants
  3 iguanas
  5 hell rats (Lair:2)
  2 killer bee zombies
  A hound skeleton (D:4)
  A howler monkey zombie (D:7)
  3 gnolls (D:3)
  19 adders
  3 river rats
  3 shadow imps
  3 oozes (Sewer)
  An adder zombie (D:6)
  9 worms
  2 dart slugs
  5 leopard geckos
  33 orcs
  7 bats
  10 giant cockroaches
  2 goblins
  5 hobgoblins
  3 jackals (D:3)
  6 quokkas
  9 ball pythons
  3 frilled lizards
  9 kobolds
  A quokka skeleton (D:8)
  2 quokka zombies (D:8)
  14 rats
  3 fungi
  2 plants (D:11)
487 creatures vanquished.

Vanquished Creatures (collateral kills)
  Pikel (D:8)
  A scorpion (D:8)
  3 killer bees (D:8)
5 creatures vanquished.

Vanquished Creatures (others)
  A slave (D:8)
  9 fungi
  2 plants
12 creatures vanquished.

Grand Total: 504 creatures vanquished

Notes
Turn   | Place    | Note
-------+----------+-------------------------------------------
     0 | D:1      | Madoushi the Minotaur Berserker began the quest for the
                  | Orb.
     0 | D:1      | Reached XP level 1. HP: 19/19 MP: 0/0
   179 | D:1      | Reached skill level 4 in Axes
   179 | D:1      | Reached XP level 2. HP: 27/27 MP: 1/1
   822 | D:2      | Reached XP level 3. HP: 28/33 MP: 2/2
  1190 | D:2      | Reached ** piety under Trog
  1375 | D:3      | Reached XP level 4. HP: 41/41 MP: 3/3
  1464 | D:3      | Reached skill level 5 in Axes
  1521 | D:3      | Reached skill level 5 in Fighting
  1526 | D:3      | Reached XP level 5. HP: 15/48 MP: 4/4
  2204 | D:4      | Reached *** piety under Trog
  2206 | D:4      | Reached skill level 6 in Axes
  2504 | D:4      | Reached XP level 6. HP: 43/56 MP: 5/5
  2902 | D:5      | Entered Level 5 of the Dungeon
  3031 | D:5      | Reached skill level 7 in Axes
  3079 | D:5      | Noticed Eustachio
  3097 | D:5      | Killed Eustachio
  3097 | D:5      | Reached XP level 7. HP: 62/62 MP: 6/6
  3304 | D:5      | Found a glowing drain.
  3325 | Sewer    | Entered a sewer
  3611 | Sewer    | Reached skill level 8 in Axes
  3669 | Sewer    | Reached **** piety under Trog
  3905 | D:6      | Reached skill level 1 in Stealth
  3905 | D:6      | Reached XP level 8. HP: 71/71 MP: 7/7
  3912 | D:6      | Found a staircase to the Ecumenical Temple.
  3992 | D:6      | Noticed Menkaure
  4000 | D:6      | Killed Menkaure
  4000 | D:6      | Reached skill level 5 in Armour
  5047 | D:6      | Reached skill level 9 in Axes
  5665 | D:7      | Noticed Duvessa
  5665 | D:7      | Noticed Dowan
  5671 | D:7      | Killed Dowan
  5685 | D:7      | Killed Duvessa
  5884 | D:7      | Found Kuf Ryt's Weapon Boutique.
  5933 | D:7      | Reached skill level 5 in Dodging
  5933 | D:7      | Reached XP level 9. HP: 29/79 MP: 8/8
  5942 | D:7      | Reached skill level 10 in Axes
  5986 | D:7      | Reached ***** piety under Trog
  6085 | D:7      | Noticed Joseph
  6097 | D:7      | Killed Joseph
  6424 | D:7      | Reached skill level 11 in Axes
  6527 | D:7      | Found a stormy altar of Qazlal.
  6814 | D:8      | Noticed Pikel
  6822 | D:8      | Killed Pikel
  6822 | D:8      | Reached XP level 10. HP: 50/88 MP: 9/9
  7096 | D:8      | Reached skill level 12 in Axes
  7186 | D:8      | Found a hazy altar of Hepliaklqana.
  7508 | D:9      | Noticed Gastronok
  7535 | D:9      | Killed Gastronok
  7535 | D:9      | Reached skill level 13 in Axes
  7719 | D:9      | Received a gift from Trog
  8200 | D:9      | Reached skill level 10 in Fighting
  8309 | D:7      | Bought a +1 vampiric war axe for 245 gold pieces
  8438 | D:10     | Entered Level 10 of the Dungeon
  8582 | D:10     | Noticed an ice statue
  8647 | D:10     | Noticed Snorg
  8664 | D:10     | Killed Snorg
  8664 | D:10     | Reached skill level 10 in Armour
  8664 | D:10     | Reached XP level 11. HP: 99/99 MP: 10/10
  8865 | D:10     | Noticed Erica
  8877 | D:10     | Killed Erica
  8877 | D:10     | Reached skill level 14 in Axes
  9759 | D:11     | Got a pair of brightly glowing gloves
  9760 | D:11     | Identified the +1 pair of gloves "Qoappo" {rN+ Int+3} (You
                  | found it on level 11 of the Dungeon)
  9877 | D:11     | Found a shattered altar of Ashenzari.
 10062 | D:11     | Found a staircase to the Lair.
 10063 | D:11     | Noticed Sonja
 10232 | D:11     | Found a staircase to the Orcish Mines.
 10327 | D:11     | Killed Sonja
 10391 | Lair:1   | Entered Level 1 of the Lair of Beasts
 10720 | Lair:1   | Reached skill level 15 in Axes
 10720 | Lair:1   | Reached skill level 1 in Evocations
 11589 | Lair:2   | Found a staircase to the Swamp.
 11957 | Lair:2   | Reached XP level 12. HP: 88/109 MP: 11/11
 11958 | Lair:2   | Found a hole to the Spider Nest.
 13085 | Lair:4   | Noticed a four-headed hydra
 13103 | Lair:4   | Killed an 11-headed hydra
 13644 | Lair:4   | Reached skill level 16 in Axes
 14216 | Lair:5   | Noticed a death yak
 14237 | Lair:5   | Killed a death yak
 14489 | Lair:5   | Noticed a death yak
 14490 | Lair:5   | Noticed a death yak
 14490 | Lair:5   | Noticed a death yak
 14490 | Lair:5   | Noticed a death yak
 14491 | Lair:5   | Noticed a death yak
 14502 | Lair:5   | Killed a death yak
 14504 | Lair:5   | Killed a death yak
 14511 | Lair:5   | Killed a death yak
 14512 | Lair:5   | Killed a death yak
 14516 | Lair:5   | Killed a death yak
 14670 | Lair:5   | Reached XP level 13. HP: 102/121 MP: 12/12
 14724 | Lair:5   | Received a gift from Trog
 15415 | Lair:6   | Entered Level 6 of the Lair of Beasts
 15672 | Lair:6   | Reached skill level 17 in Axes
 16105 | Lair:6   | Reached ****** piety under Trog
 16406 | Lair:6   | Found an iron altar of Okawaru.
 16678 | D:12     | Reached skill level 10 in Dodging
 16892 | D:12     | Received a gift from Trog
 17062 | D:12     | Reached XP level 14. HP: 37/132 MP: 14/14
 17066 | D:12     | Reached skill level 15 in Fighting
 17671 | D:13     | Noticed Frances
 17698 | D:12     | Killed from afar by Frances

Skill      XL: |  1  2  3  4  5  6  7  8  9 10 11 12 13 14 |
---------------+-------------------------------------------+-----
Axes           | 4 5 6 7 8 9 11 13 15 16 17 | 17.8
Fighting       | 4 5 6 7 8 10 11 13 14 15 | 15.1
Dodging        | 3 5 6 7 8 10 | 10.3
Armour         | 3 4 7 9 10 11 12 | 12.3
Stealth        | 1 2 3 |  3.2
Evocations     | 1 |  1.5

Action                   |  1- 3 |  4- 6 |  7- 9 | 10-12 | 13-15 || total
-------------------------+-------+-------+-------+-------+-------++-------
Melee: Hand axe          |    54 |   110 |   334 |   109 |       ||   607
       Headbutt          |     4 |    17 |    53 |   140 |    89 ||   303
       War axe           |       |       |       |   412 |   422 ||   834
Invok: Berserk           |       |     1 |     5 |     8 |     3 ||    17
       Trog's Hand       |       |       |     1 |     2 |       ||     3
       Brothers in Arms  |       |       |     1 |       |     1 ||     2
Evoke: Wand              |       |       |       |     7 |     1 ||     8
  Use: Scroll            |     4 |     1 |     4 |     7 |     6 ||    22
       Potion            |       |     2 |       |       |       ||     2
  Eat: Chunk             |     1 |     5 |     4 |     8 |     6 ||    24
       Ration            |       |       |     4 |     9 |     2 ||    15
Armor: Animal skin       |     5 |       |       |       |       ||     5
       Robe              |     8 |    10 |       |       |       ||    18
       Scale mail        |       |    29 |   118 |    87 |       ||   234
       Ring mail         |       |       |       |   132 |   161 ||   293
Dodge: Dodged            |    39 |    61 |   170 |   357 |   325 ||   952
